 Dungeon Crawl Stone Soup version 0.31-a0-88-g38777b0aa0 (console) character file.

Game seed: 29398569167918288

1 Lightli the Grasshopper (level 1, 9/9 HPs)
             Began as a Felid Warper on May 24, 2023.
             Quit the game on level 2 of the Dungeon.
             The game lasted 00:01:41 (589 turns).

Lightli the Grasshopper (Felid Warper)               Turns: 589, Time: 00:01:42

Health: 9/9        AC:  1    Str:  7    XL:     1   Next: 16%
Magic:  4/4        EV: 17    Int: 14    God:
Gold:   0          SH:  0    Dex: 15    Spells: 4/4 levels left
                                        Lives:  0   Deaths: 0

rFire   . .          .
                       - Unarmed
rCold   . . .        (shield unavailable)
rNeg    . . .        (body armour unavailable)
rPois   .            (helmet unavailable)
rElec   .            (cloak unavailable)
rCorr   .            (gloves unavailable)
SInv    +            (boots unavailable)
Will    .....        (no amulet)
Stlth   +            (no ring)
HPRegen 0.21/turn    (no ring)
MPRegen 0.09/turn

%: no passive effects
@: quick
A: very small, claws 1, fangs 3, see invisible, speed 1, shaggy fur 1, stealthy
paws, no weapons or thrown items, no armour, multi-lived
a: no special abilities


You were on level 2 of the Dungeon.
You visited 1 branch of the dungeon, and saw 2 of its levels.

Inventory:

Scrolls
 a - 2 scrolls of blinking


   Skills:
 + Level 2.0 Fighting
 + Level 3.2 Dodging
 + Level 2.0 Unarmed Combat
 + Level 2.0 Spellcasting
 + Level 4.4 Translocations


You had 4 spell levels left.
You didn't know any spells.
Your spell library contained the following spells:

 Spells                   Type           Power      Damage    Failure   Level
 Blink                    Tloc           26%        N/A       6%          2
 Lesser Beckoning         Tloc           26%        N/A       6%          2
 Teleport Other           Tloc           13%        N/A       12%         3
 Vhi's Electric Charge    Tloc/Air       12%        N/A       32%         3
 Manifold Assault         Tloc           13%        N/A       36%         4


Dungeon Overview and Level Annotations

Branches:
Dungeon (2/15)

Altars:

Shops:
D:2 =


Innate Abilities, Weirdness & Mutations

You have sharp claws.
You have razor-sharp teeth.
You have supernaturally acute eyesight. (SInv)
You cover ground quickly. (Speed+)
You are covered in fur. (AC +1)
Your paws help you pounce on unaware monsters.
You are incapable of wielding weapons or throwing items.
You cannot wear armour.
You gain extra lives every three experience levels.


Message History

As you open the door, it creaks loudly!
Found a bat corpse, a ball python corpse and a scroll labelled NOTUXT DOIGAPO.
There is an open door here.
There is a stone staircase leading down here.
You climb downwards.
Found 2 atropa-tipped darts.
There is a stone staircase leading up here.
An adder comes into view.
A gnoll comes into view. It is wielding a +0 spear.
There is a stone staircase leading up here.
You climb upwards.
There is a stone staircase leading down here.
You start waiting.
Done waiting.
You start waiting.
Done waiting.
You climb downwards.
There is a stone staircase leading up here.
Found a helmet and a flail.
You see here a +0 helmet.
Found a spear.
Found a dagger.
Things that are here:
a +0 spear; a gnoll corpse
Found 2 large rocks.
Things that are here:
a +0 flail; a throwing net
Things that are here:
a +0 flail; a throwing net
Found a bat corpse.
Found Imoac's Jewellery Boutique.
Found a scroll labelled ZAAMOUMMYWK.
There is an entrance to Imoac's Jewellery Boutique here.
Unknown command.
Unknown command.
Found a scroll labelled EMMOXI QAGIQ.
Found a stone staircase leading up.
Saving game... please wait.
Welcome back, Lightli the Felid Warper.
Press ? for a list of commands and other information.
Are you sure you want to abandon this character and quit the game? (Confirm with "yes".)

# #.####
#..@.# ####.#
#.# #.# #.#
##.# # ##.#.#
#.#####.###.#
#......## #.#


There were no monsters in sight!

Vanquished Creatures
  A giant cockroach (D:1)
1 creature vanquished.

Vanquished Creatures (others)
  Jessica (D:2)
  3 gnolls (D:2)
  3 adders (D:2)
  2 dart slugs (D:1)
  6 endoplasms
  A giant cockroach (D:1)
  4 goblins
  2 hobgoblins (D:1)
  3 jackals (D:1)
  4 quokkas
  9 ball pythons
  8 bats
  3 kobolds
  4 rats
53 creatures vanquished.

Grand Total: 54 creatures vanquished

Notes
Turn   | Place    | Note
-------+----------+-------------------------------------------
     0 | D:1      | Lightli the Felid Warper began the quest for the Orb.
     0 | D:1      | Reached XP level 1. HP: 9/9 MP: 4/4
   503 | D:2      | Killed Jessica
   527 | D:2      | Found Imoac's Jewellery Boutique.
   589 | D:2      | Quit the game

Illustrated notes

Levels and vault maps discovered:
D:1:      eino_arrival_druids_welcome, layout_loops_corners
D:2:      layout_loops_ring, serial_shops, nicolae_shop_gaudy_bauble,
          dilly_ecumenical_altar_fadedgnrine, uniq_jessica

Action                     || total
---------------------------++-------
  Melee: Unarmed           ||     8
 Armour: Skin              ||     1
  Dodge: Dodged            ||     4

Table legend: (Time is in decaauts)
 A = Elapsed time spent in this place.
 B = Non-inter-level travel time spent in this place.
 C = Inter-level travel time spent in this place.
 D = Time resting spent in this place.
 E = Time spent auto-exploring this place.
 F = Levels seen in this place.
 G = Mean time per level.
                   A        B        C        D        E       F      G
               +--------+--------+--------+--------+--------+-----+--------+
         Total |    556 |    540 |     16 |    407 |     24 |   2 |  278.0 |
       Dungeon |    556 |    540 |     16 |    407 |     24 |   2 |  278.0 |
               +--------+--------+--------+--------+--------+-----+--------+

Top non-repeatable levels by time:
     D:1: 480 daAuts
     D:2: 76 daAuts
